 Dungeon Crawl Stone Soup version 0.26-a0-259-g1effd001a9 (webtiles) character file.

Game seed: 335592258962931220

286826 Esekla the Eclecticist (level 21, -2/171 HPs)
             Began as a Formicid Ice Elementalist on July 11, 2020.
             Was the Champion of Dithmenos.
             Killed from afar by a crystal guardian (24 damage)
             ... with a crystal bolt
             ... on level 3 of the Vaults on July 12, 2020.
             The game lasted 07:48:41 (43893 turns).

Esekla the Eclecticist (Formicid Ice Elementalist) Turns: 43893, Time: 07:48:42

Health: -2/171     AC: 15    Str: 15    XL:     21   Next: 53%
Magic:  21/40      EV: 22    Int: 23    God:    Dithmenos [******]
Gold:   867        SH:  0    Dex: 21    Spells: 1/50 levels left

rFire    + . .     SeeInvis +   e - +6 demon blade (elec)
rCold    + + +     Faith    .   (no shield)
rNeg     + + .     Spirit   .   J - +3 troll leather armour
rPois    .         Reflect  .   (helmet unavailable)
rElec    .         Harm     .   z - +0 cloak "Etecuis" {rC+ MR+}
rCorr    .         Clarity  +   X - +3 pair of gauntlets of War {Slay+5}
MR       +++..                  A - +0 pair of boots
Stlth    +++++++++.             G - amulet "Ozasiakk" {*Drain rC+ rN++ Regen+ Dex+8}
HPRegen  1.18/turn              h - ring of protection from fire
MPRegen  0.27/turn              y - +4 ring of evasion

@: singing, very slightly contaminated, wreathed by umbra
A: permanent stasis, dig shafts and tunnels, four strong arms, antennae 3, agile
1, clarity, cold resistance 1, robust 1
}: 2/15 runes: decaying, gossamer
a: Dig, Shaft Self, Shadow Step, Shadow Form, Renounce Religion


You were on level 3 of the Vaults.
You worshipped Dithmenos.
Dithmenos was exalted by your worship.
You were not hungry.

You visited 7 branches of the dungeon, and saw 36 of its levels.
You also visited: Bailey and Gauntlet.

You collected 4032 gold pieces.
You spent 3165 gold pieces at shops.

Inventory:

Hand Weapons
 a - a +0 vampiric halberd
 e - a +6 demon blade of electrocution (weapon)
 f - a +3 scimitar of flaming
 s - a +6 quick blade of electrocution
 t - a +5 halberd of freezing
 v - a +2 falchion of venom
 Z - the +1 long sword of Fury {venom, rN+}
   (You found it on level 2 of the Vaults)

   It poisons the flesh of those it strikes.
   It protects you from negative energy.
Missiles
 g - 103 poisoned darts
 m - 5 silver boomerangs (quivered)
 w - 12 curare-tipped darts
 E - 16 silver javelins
Armour
 j - a +0 buckler
 q - a +3 leather armour of fire resistance
 z - the +0 cloak "Etecuis" (worn) {rC+ MR+}
   (You found it in a Gauntlet)

   It protects you from cold.
   It affects your resistance to hostile enchantments.
 A - a +0 pair of boots (worn)
 J - a +3 troll leather armour (worn)
 R - a scarf of resistance
 X - the +3 pair of gauntlets of War (worn) {Slay+5}
   (You bought it in a shop on level 2 of the Orcish Mines)

   It affects your accuracy and damage with ranged weapons and melee attacks
   (+5).
Jewellery
 h - a ring of protection from fire (left hand)
 n - an uncursed ring of resist corrosion
 y - a +4 ring of evasion (right hand)
 D - a +6 ring of intelligence
 G - the amulet "Ozasiakk" (around neck) {*Drain rC+ rN++ Regen+ Dex+8}
   (You found it on level 11 of the Dungeon)

   [amulet of regeneration]

   It affects your dexterity (+8).
   It protects you from cold.
   It greatly protects you from negative energy.
   It increases your rate of regeneration.
   It causes draining when unequipped.
 Q - an uncursed ring of poison resistance
 Y - an uncursed ring of ice
Wands
 d - a wand of acid (36)
 o - a wand of clouds (1)
 r - a wand of digging (1)
 B - a wand of paralysis (8)
 K - a wand of flame (93)
 N - a wand of disintegration (36)
 V - a wand of iceblast (31)
Scrolls
 l - a scroll of silence
 p - 17 scrolls of remove curse
 H - 4 scrolls of magic mapping
 S - 9 scrolls of vulnerability
 T - 6 scrolls of identify
 U - a scroll of fear
 W - a scroll of holy word
Potions
 b - 18 potions of curing
 i - 6 potions of lignification
 k - 4 potions of resistance
 u - 4 potions of heal wounds
 x - 3 potions of brilliance
 C - 3 potions of stabbing
 F - a potion of cancellation
 L - 2 potions of flight
 M - a potion of magic
 O - a potion of invisibility
 P - 4 potions of ambrosia
Miscellaneous
 I - a lightning rod (4/4)
Comestibles
 c - 83 rations


   Skills:
 + Level 11.1 Fighting
 + Level 6.2(10.8) Short Blades
 * Level 13.4(13.9) Long Blades
   Level 6.9 Maces & Flails
 + Level 2.1 Polearms
 + Level 3.9 Throwing
 + Level 7.4 Armour
 + Level 7.9 Dodging
 + Level 11.8 Stealth
 * Level 4.0 Shields
 * Level 15.4 Spellcasting
 + Level 7.9 Conjurations
 * Level 12.8 Hexes
 + Level 7.6 Charms
 + Level 3.2 Translocations
 + Level 7.8 Transmutations
 + Level 6.5 Fire Magic
 + Level 10.7 Ice Magic
 * Level 8.0 Air Magic
 + Level 7.9 Poison Magic
 + Level 1.0 Evocations


You had one spell level left.
You knew the following spells:

 Your Spells              Type           Power        Failure   Level
a - Airstrike             Air            ######....   1%          4
b - Tukima's Dance        Hex            ######..     1%          3
c - Mephitic Cloud        Conj/Pois/Air  ######..     1%          3
d - Irradiate             Conj/Tmut      ######....   4%          5
e - Invisibility          Hex            ######..     3%          6
f - Conjure Flame         Conj/Fire      ######..     1%          3
g - Shroud of Golubria    Chrm/Tloc      #####.       1%          2
l - Silence               Hex/Air        ######....   1%          5
n - Ignite Poison         Fire/Tmut/Pois ######..     1%          3
p - Apportation           Tloc           ####..       1%          1
r - Frozen Ramparts       Ice            ######       1%          3
s - Song of Slaying       Chrm           ######..     1%          2
v - Poisonous Vapours     Pois/Air       ######       1%          2
x - Olgreb's Toxic Radia  Pois           ######..     1%          4
z - Ozocubu's Armour      Chrm/Ice       ######..     1%          3

Your spell library contained the following spells:

 Spells                   Type           Power        Failure   Level
 Beastly Appendage        Tmut           ######       1%          1
 Corona                   Hex            ######.      1%          1
 Freeze                   Ice            ####         1%          1
 Infusion                 Chrm           ####         1%          1
 Magic Dart               Conj           ####         1%          1
 Shock                    Conj/Air       ####         1%          1
 Sting                    Tmut/Pois      ####         1%          1
 Animate Skeleton         Necr           ###...       3%          1
 Summon Butterflies       Summ           ###.....     3%          1
 Summon Small Mammal      Summ           ###.         3%          1
 Slow                     Hex            ######..     1%          2
 Sticks to Snakes         Tmut           ######..     1%          2
 Confusing Touch          Hex            ######..     1%          3
 Spectral Weapon          Hex/Chrm       ######..     1%          3
 Spider Form              Tmut/Pois      ######....   1%          3
 Static Discharge         Conj/Air       ######..     1%          3
 Cause Fear               Hex            ######....   1%          4
 Hailstorm                Conj/Ice       ######..     1%          4
 Ice Form                 Ice/Tmut       ######..     1%          4
 Metabolic Englaciation   Hex/Ice        ######....   1%          5
 Yara's Violent Unravell  Hex/Tmut       ######....   1%          5
 Gell's Gravitas          Tloc           ####......   3%          3
 Lesser Beckoning         Tloc           ####......   3%          3
 Summon Ice Beast         Ice/Summ       #####...     4%          4
 Alistair's Intoxication  Tmut/Pois      ######..     4%          5
 Blade Hands              Tmut           ######....   4%          5
 Iskenderun's Battlesphe  Conj/Chrm      ######..     4%          5
 Lightning Bolt           Conj/Air       ######....   4%          5
 Call Imp                 Summ           ###.....     6%          2
 Petrify                  Tmut/Erth      #####...     8%          4
 Bolt of Magma            Conj/Fire/Erth #####.....   14%         5
 Freezing Cloud           Conj/Ice/Air   ######....   16%         6
 Hydra Form               Tmut           ######....   24%         6
 Iron Shot                Conj/Erth      #####.....   75%         6
 Statue Form              Tmut/Erth      #####....    75%         6
 Orb of Destruction       Conj           ######....   77%         7
 Dragon Form              Tmut           ######....   78%         7
 Discord                  Hex            ######....   80%         8
 Ring of Flames           Chrm/Fire      ######....   87%         7
 Spellforged Servitor     Conj/Summ      #####.....   100%        7
 Blink                    Tloc           Unusable     N/A         2
 Swiftness                Chrm/Air       Unusable     N/A         2

Dungeon Overview and Level Annotations

Branches:
Dungeon (15/15)            Temple (1/1) D:6            Lair (6/6) D:8
  Swamp (4/4) Lair:4       Spider (4/4) Lair:3        Slime (0/5) Lair:5
    Orc (2/2) D:10            Elf (0/3) Orc:2        Vaults (4/5) D:14
  Crypt (0/3) Vaults:2     Depths (0/5) D:15         Bailey (visited)
Gauntlet (visited)

Altars:
Ashenzari
Cheibriados
Dithmenos
Elyvilon
Fedhas
Gozag
Hepliaklqana
Kikubaaqudgha
Makhleb
Nemelex Xobeh
Okawaru
Qazlal
Ru
Sif Muna
Trog
Uskayaw
Vehumet
Wu Jian
Xom
Yredelemnul
Zin
The Shining One

Shops:
D:8 }   D:10 (   D:14 [   Orc:2 *[[:(   Vaults:1 :

Portals:
Abyss: Lair:6
Trove: Vaults:1 (give +7 demon trident)

Annotations:
Lair:2 exclusion: oklob plant
Lair:6 2 transporters, vurker's ghost, journeyman HuFi
Orc:2 2 runed translucent doors, exclusion: orange crystal statue


Innate Abilities, Weirdness & Mutations

You cannot be hasted, slowed, berserked, paralysed or teleported.
You can dig through walls and to a lower floor.
Your four strong arms can wield two-handed weapons with a shield.
You have a pair of large antennae on your head. (SInv)
You are agile. (Dex +2)
You possess an exceptional clarity of mind.
Your flesh is cold resistant. (rC+)
You are robust. (+10% HP)


Message History

The shadow wraith hits you!
* * * LOW HITPOINT WARNING * * *
The shadow wraith drains your vigour!
Your stasis prevents you from being slowed.
The stone giant throws a large rock.
The large rock hits the shadow wraith!!!
The shadow wraith is destroyed!
Your Shields skill increases to level 4!
The tengu reaver hits you but does no damage.
The tengu reaver pecks you.
* * * LOW HITPOINT WARNING * * *
The tengu reaver closely misses you.
The crystal guardian hits you but does no damage.
An ironheart preserver comes into view. It is wielding a +0 morningstar.
You feel much better.
The stone giant throws a large rock.
The large rock hits you!!
* * * LOW HITPOINT WARNING * * *
The crystal guardian fires a crystalline bolt at you.
The crystal bolt burns you!! You resist.
You die...

#+################ .
.................# O.
.................# #...
.................###...#.
................{{p{.....
..........(((..*pp{{.....
############..CQ8###{..#.
# #...§@# ... ## #.....#
. .# #.....# .# #.....# {
.# #.....# { .#
#########.....# ##
#≈≈...≈≈#.....# .#
#≈≈...≈≈#.....# .#
#.......'.....# ######


You could see an ironheart preserver, a stone giant, a vault warden, a tengu
reaver (misshapen), a crystal guardian and a battlesphere.

Vanquished Creatures
  Jorgrun (D:14)
  Rupert (D:12)
  Gastronok (D:11)
  Kirke (D:14)
  An orc warlord (D:10)
  A frost giant (Vaults:3)
  A fire giant (Vaults:3)
  5 ghost moths
  A cacodemon (Gauntlet)
  3 vault wardens
  4 very ugly things (Vaults:1)
  5 emperor scorpions
  7 stone giants
  5 ironheart preservers
  5 entropy weavers
  A dire elephant (Gauntlet)
  2 spark wasps (Spider:4)
  A minotaur (Gauntlet)
  4 ettins
  A jiangshi (Vaults:2)
  9 ogre magi
  An eidolon (Vaults:2)
  5 fire dragons
  3 yaktaur captains
  3 vault guards (Vaults:2)
  Josephine (D:12)
  Fannar (D:10)
  19 hydras
  3 rakshasas
  2 ice dragons
  A catoblepas (D:13)
  Erolcha (D:10)
  A shambling mangrove (Swamp:1)
  A merfolk avatar (Lair:6)
  Erica (Lair:2)
  A death knight (Vaults:2)
  A ghost crab (Swamp:4)
  7 centaur warriors
  A tengu warrior (D:15)
  25 two-headed ogres
  A deep troll shaman (Vaults:2)
  13 alligators
  3 deep troll earth magi
  A vampire mage (Vaults:2)
  Sonja (Lair:6)
  8 spriggans
  3 deep elf knights (Vaults:3)
  2 skeletal warriors
  An entropy weaver zombie (Vaults:1)
  A fire crab (Swamp:4)
  8 deep trolls
  6 unseen horrors
  10 swamp dragons
  A storm dragon skeleton (Vaults:3)
  A glowing orange brain (Vaults:1)
  A spriggan druid (Swamp:2)
  8 ironbrand convokers
  4 wizards
  2 deep elf archers (Vaults:3)
  A lindwurm (Swamp:4)
  22 orb spiders
  4 harpies (Vaults:3)
  11 orc knights
  5 deep elf magi
  2 necromancers
  32 wolf spiders
  2 oklob plants
  32 ugly things
  A stone giant zombie (Vaults:3)
  An orc sorcerer (D:10)
  7 manticores
  13 cyclopes
  A salamander (Swamp:4)
  3 moths of wrath
  7 vault sentinels
  25 elephants
  3 centaur zombies
  A guardian serpent (shapeshifter) (D:13)
  Joseph (D:7)
  Maurice (D:12)
  A human skeleton (Vaults:1)
  6 black mambas
  A torpor snail (Spider:2)
  A gargoyle (D:15)
  The ghost of Glokmah the Charmwright, a novice GnSk (D:3)
  15 cane toads
  Maggie (D:7)
  14 komodo dragons
  10 yaktaurs
  2 human zombies (Vaults:3)
  6 rime drakes
  A redback zombie (D:15)
  18 demonic crawlers
  2 freezing wraiths
  An ice devil (Gauntlet)
  4 polar bears
  A yaktaur (shapeshifter) (D:15)
  45 jumping spiders
  A merfolk (D:9)
  9 trolls
  A jumping spider (shapeshifter) (D:14)
  A meliai (shapeshifter) (D:15)
  7 tyrant leeches
  2 tengu conjurers
  23 hornets
  3 trolls (shapeshifter)
  A wind drake (Lair:6)
  Prince Ribbit (D:7)
  29 slime creatures
  9 hippogriffs
  6 bog bodies
  14 dream sheep
  4 blink frogs (Lair:4)
  An ettin skeleton (Vaults:1)
  4 shadows
  Sigmund (D:5)
  30 tarantellas
  92 redbacks
  A tarantella (shapeshifter) (Vaults:1)
  10 wraiths
  40 yaks
  5 wyverns
  A hog (D:14)
  4 basilisks
  4 steam dragons (Swamp:4)
  3 neqoxecs (Gauntlet)
  A golden eye (shapeshifter) (Vaults:3)
  2 wargs
  27 vampire mosquitoes
  Menkaure (D:7)
  3 human simulacra
  12 insubstantial wisps
  22 swamp worms
  6 acid dragons
  A harpy simulacrum (D:14)
  12 water moccasins
  5 porcupines
  12 swamp drakes
  3 sky beasts
  6 black bears
  51 orc warriors
  3 ice beasts
  2 hornet zombies
  A necrophage (D:11)
  3 eyes of draining
  5 boggarts (D:15)
  A tengu (shapeshifter) (D:15)
  31 ogres
  9 wolves
  6 centaurs
  18 crocodiles
  2 big kobolds
  14 bullfrogs
  A deep troll simulacrum (Vaults:3)
  A wyvern zombie (D:14)
  5 scorpions
  2 wyvern skeletons
  An elf simulacrum (Vaults:1)
  5 howler monkeys
  2 electric eels (Spider:4)
  5 wights (D:9)
  2 bullfrog zombies
  A quasit (D:12)
  2 centaur skeletons
  4 hounds
  16 orc priests
  4 jellies
  22 orc wizards
  A bullfrog skeleton (D:11)
  7 iguanas
  20 worker ants
  A killer bee zombie (D:8)
  10 adders
  4 gnolls (D:2)
  3 shadow imps
  5 white imps
  2 ufetubi
  3 oozes
  2 adder skeletons
  4 worms
  2 dart slugs
  4 leopard geckos
  100 orcs
  9 giant cockroaches
  3 hobgoblins
  13 jackals
  7 quokkas
  2 ball pythons
  8 bats
  3 frilled lizards
  8 goblins
  8 kobolds
  A quokka zombie (D:7)
  6 rats
  2 fungi (Orc:2)
  2 plants
1397 creatures vanquished.

Vanquished Creatures (others)
  A hydra (Swamp:4)
  A shadow wraith (Vaults:3)
  A deep elf archer (Vaults:3)
  A lindwurm (Swamp:4)
  A shadow (D:14)
  A steam dragon (Swamp:4)
  4 swamp drakes (Swamp:4)
  A scorpion (D:14)
  An orc (Orc:1)
  A fire vortex (Lair:2)
  13 fungi
  28 plants
54 creatures vanquished.

Grand Total: 1451 creatures vanquished

Notes
Turn   | Place    | Note
-------+----------+-------------------------------------------
     0 | D:1      | Esekla the Formicid Ice Elementalist began the quest for
                  | the Orb.
     0 | D:1      | Reached XP level 1. HP: 13/13 MP: 3/3
   218 | D:1      | Reached XP level 2. HP: 20/20 MP: 3/5
   362 | D:1      | Reached skill level 1 in Fighting
   510 | D:1      | Reached XP level 3. HP: 12/26 MP: 2/6
   515 | D:1      | Learned a level 3 spell: Frozen Ramparts
   519 | D:1      | Learned a level 3 spell: Ozocubu's Armour
  1563 | D:2      | Reached XP level 4. HP: 32/32 MP: 8/8
  1608 | D:2      | Reached skill level 3 in Spellcasting
  2046 | D:3      | Reached XP level 5. HP: 37/37 MP: 4/9
  2100 | D:3      | Found a faded altar of an unknown god.
  2137 | D:3      | Became a worshipper of Dithmenos the Shadowed
  2137 | D:3      | Reached * piety under Dithmenos
  2157 | D:3      | Found a transporter.
  2157 | D:3      | Noticed Glokmah's ghost (novice GnSk)
  2160 | D:3      | Found a transporter.
  2160 | D:3      | Noticed an ogre
  2224 | D:3      | Killed an ogre
  2224 | D:3      | Reached skill level 1 in Short Blades
  2224 | D:3      | Reached skill level 1 in Charms
  2232 | D:3      | Killed Glokmah's ghost
  2232 | D:3      | Reached skill level 4 in Spellcasting
  2232 | D:3      | Reached skill level 5 in Ice Magic
  2232 | D:3      | Reached XP level 6. HP: 18/46 MP: 1/12
  2232 | D:3      | Reached XP level 7. HP: 20/51 MP: 1/13
  2699 | D:3      | Gained mutation: You are dopey. (Int -2) [potion of
                  | mutation]
  2699 | D:3      | Gained mutation: Your flesh is heat resistant. (rF+)
                  | [potion of mutation]
  2699 | D:3      | Gained mutation: Your flesh is cold resistant. (rC+)
                  | [potion of mutation]
  2700 | D:3      | Lost mutation: Your flesh is heat resistant. (rF+) [potion
                  | of mutation]
  2700 | D:3      | Lost mutation: You are dopey. (Int -2) [potion of mutation]
  2700 | D:3      | Gained mutation: You are covered in fur. (AC +1) [potion of
                  | mutation]
  2866 | D:4      | Found a stormy altar of Qazlal.
  3032 | D:4      | Reached skill level 5 in Spellcasting
  3032 | D:4      | Reached XP level 8. HP: 37/58 MP: 9/15
  3087 | D:5      | Entered Level 5 of the Dungeon
  3246 | D:5      | Found the amulet of the Four Winds {rN+ MR+++ Clar}
  3278 | D:5      | Noticed Sigmund
  3291 | D:5      | Killed Sigmund
  3495 | D:5      | Got a faintly glowing flail
  3535 | D:5      | Found a snail-covered altar of Cheibriados.
  3557 | D:5      | Identified the +8 flail "Wushad Fyck" {speed, Str+3 Dex+5}
                  | (You found it on level 5 of the Dungeon)
  3794 | D:6      | Reached skill level 6 in Spellcasting
  3794 | D:6      | Reached XP level 9. HP: 65/65 MP: 13/18
  3803 | D:6      | Found a bloodstained altar of Trog.
  3845 | D:6      | Reached ** piety under Dithmenos
  3914 | D:6      | Found a staircase to the Ecumenical Temple.
  3920 | D:6      | Reached skill level 1 in Maces & Flails
  3986 | Temple   | Entered the Ecumenical Temple
  4457 | D:7      | Noticed Joseph
  4471 | D:7      | Killed Joseph
  4491 | D:7      | Found a glowing golden altar of the Shining One.
  5091 | D:4      | Found a glowing silver altar of Zin.
  5852 | D:7      | Noticed Maggie
  5856 | D:7      | Reached skill level 5 in Stealth
  5872 | D:7      | Killed Maggie
  6109 | D:7      | Noticed Prince Ribbit
  6138 | D:7      | Killed Prince Ribbit
  6138 | D:7      | Reached XP level 10. HP: 71/73 MP: 13/20
  6480 | D:7      | Found a basalt altar of Yredelemnul.
  6574 | D:7      | Noticed Menkaure
  6632 | D:7      | Killed Menkaure
  6844 | D:8      | Found a staircase to the Lair.
  6844 | D:8      | Noticed an unseen horror
  6920 | D:7      | Reached skill level 7 in Spellcasting
  7003 | D:8      | Killed an unseen horror
  7003 | D:8      | Reached skill level 5 in Fighting
  7003 | D:8      | Reached skill level 5 in Maces & Flails
  7003 | D:8      | Reached skill level 5 in Charms
  7051 | D:8      | Found Ehereriw's Gadget Shoppe.
  7062 | D:8      | Reached *** piety under Dithmenos
  7122 | D:8      | Found a blossoming altar of Fedhas.
  7230 | D:8      | Identified the Incunabulum of Blistering Transformation
  7236 | D:8      | Learned a level 3 spell: Conjure Flame
  7348 | D:8      | Reached skill level 1 in Fire Magic
  7349 | D:8      | Reached skill level 1 in Conjurations
  7421 | D:8      | Found a shimmering altar of Xom.
  7720 | D:8      | Noticed a two-headed ogre
  7733 | D:8      | Noticed a skeletal warrior
  7746 | D:8      | You fall into a shaft and drop 3 floors!
  7904 | D:11     | Got a warped diamond amulet
  7930 | D:11     | Noticed a death knight
  7935 | D:11     | Noticed a centaur warrior
  7946 | D:11     | Killed a centaur warrior
  7946 | D:11     | Reached skill level 8 in Spellcasting
  7946 | D:11     | Reached XP level 11. HP: 60/81 MP: 18/23
  7965 | D:11     | Identified the amulet "Ozasiakk" {*Drain rC+ rN++ Regen+
                  | Dex+8} (You found it on level 11 of the Dungeon)
  8063 | D:11     | Noticed a manticore
  8074 | D:11     | Killed a manticore
  8074 | D:11     | Reached skill level 1 in Throwing
  8178 | D:11     | Noticed a green ugly thing
  8215 | D:10     | Entered Level 10 of the Dungeon
  8216 | D:10     | Noticed a manticore
  8216 | D:10     | Noticed Erolcha
  8317 | D:10     | You fall into a shaft and drop 3 floors!
  8318 | D:13     | Noticed a brown ugly thing
  8404 | D:13     | Found a flagged portal.
  8446 | Bailey   | Entered a bailey
  8446 | Bailey   | Noticed an orc knight
  8446 | Bailey   | Noticed an orc knight
  8446 | Bailey   | Noticed an orc knight
  8476 | Bailey   | Killed an orc knight
  8484 | Bailey   | Noticed an orc knight
  8497 | Bailey   | Killed an orc knight
  8603 | Bailey   | Learned a level 5 spell: Alistair's Intoxication
  8720 | Bailey   | Killed an orc knight
  8834 | Bailey   | Reached skill level 1 in Polearms
  8984 | Bailey   | Killed an orc knight
  8984 | Bailey   | Reached skill level 1 in Poison Magic
  8998 | Bailey   | Reached skill level 1 in Armour
  9036 | Bailey   | Reached skill level 1 in Transmutations
  9198 | D:13     | Noticed a catoblepas
  9231 | D:13     | Noticed a deep elf mage
  9255 | D:13     | Killed a deep elf mage
  9343 | D:12     | Noticed Maurice
  9361 | D:12     | Killed Maurice
  9386 | D:11     | Noticed Gastronok
  9481 | D:12     | Noticed Rupert
  9484 | D:12     | Reached XP level 12. HP: 89/89 MP: 17/24
  9868 | D:11     | Reached skill level 9 in Spellcasting
  9873 | D:11     | Noticed a two-headed ogre
  9885 | D:11     | Killed a two-headed ogre
 10366 | D:12     | Noticed Josephine
 10424 | D:12     | Killed Josephine
 10430 | D:12     | Reached **** piety under Dithmenos
 10480 | D:12     | Found a radiant altar of Vehumet.
 10611 | D:12     | Killed Rupert
 10611 | D:12     | Reached skill level 5 in Fire Magic
 10878 | D:12     | Noticed an unseen horror
 10891 | D:12     | Killed an unseen horror
 11063 | D:12     | Noticed a two-headed ogre
 11081 | D:12     | Killed a two-headed ogre
 11081 | D:12     | Reached XP level 13. HP: 95/96 MP: 20/26
 11307 | D:10     | Reached skill level 10 in Spellcasting
 11389 | D:10     | Learned a level 1 spell: Apportation
 11392 | D:10     | Found a staircase to the Orcish Mines.
 11668 | D:10     | Reached skill level 5 in Poison Magic
 11689 | D:10     | Noticed an eight-headed hydra
 11703 | D:9      | Found an ornate altar of the Wu Jian Council.
 11794 | D:9      | Found a shattered altar of Ashenzari.
 11836 | D:9      | Reached skill level 1 in Translocations
 11843 | D:9      | Reached ***** piety under Dithmenos
 12013 | D:9      | Reached skill level 5 in Conjurations
 12396 | D:9      | Found a sacrificial altar of Ru.
 12507 | D:9      | Found a hazy altar of Hepliaklqana.
 12510 | D:9      | Found a shadowy altar of Dithmenos.
 12976 | D:10     | Found Fonwem's Antique Weapon Boutique.
 12981 | D:10     | Bought a runed halberd for 154 gold pieces
 13022 | D:10     | Killed an eight-headed hydra
 13071 | D:10     | Killed Erolcha
 13782 | D:11     | Killed Gastronok
 13782 | D:11     | Reached skill level 5 in Transmutations
 14017 | Lair:1   | Entered Level 1 of the Lair of Beasts
 14044 | D:8      | Learned a level 3 spell: Tukima's Dance
 14051 | D:8      | Learned a level 6 spell: Invisibility
 14191 | Lair:1   | Learned a level 3 spell: Mephitic Cloud
 14214 | Lair:1   | Learned a level 3 spell: Ignite Poison
 14288 | Lair:1   | Noticed a five-headed hydra
 14313 | Lair:1   | Killed a five-headed hydra
 14444 | Lair:1   | Reached XP level 14. HP: 84/103 MP: 25/28
 14852 | Lair:2   | Noticed Erica
 14866 | Lair:2   | Killed Erica
 14866 | Lair:2   | Reached skill level 1 in Hexes
 14935 | Lair:2   | Learned a level 5 spell: Irradiate
 14974 | Lair:2   | Reached skill level 1 in Air Magic
 15319 | Lair:2   | Reached skill level 11 in Spellcasting
 16008 | Lair:3   | Found a shadowy altar of Dithmenos.
 16317 | Lair:3   | Found a hole to the Spider Nest.
 16527 | Lair:3   | Got a flickering turquoise ring
 16535 | Lair:3   | Identified the ring "Noumang" {+Blink Str+5 SInv} (You
                  | found it on level 3 of the Lair of Beasts)
 17180 | Lair:4   | Reached ****** piety under Dithmenos
 17654 | Lair:4   | Reached skill level 5 in Short Blades
 17654 | Lair:4   | Reached skill level 5 in Dodging
 17922 | Lair:4   | Found a staircase to the Swamp.
 18228 | Lair:5   | Found a gate leading to a gauntlet.
 18243 | Gauntlet | Entered a Gauntlet
 18243 | Gauntlet | Found a transporter.
 18243 | Gauntlet | Found a transporter.
 18247 | Gauntlet | Found a transporter.
 18247 | Gauntlet | Found a transporter.
 18255 | Gauntlet | Found a transporter.
 18300 | Gauntlet | Found a transporter.
 18321 | Gauntlet | Found a transporter.
 18328 | Gauntlet | Found a transporter.
 18333 | Gauntlet | Noticed a cacodemon
 18344 | Gauntlet | Noticed a dire elephant
 18345 | Gauntlet | Found a transporter.
 18434 | Gauntlet | Found a transporter.
 18446 | Gauntlet | Noticed an entropy weaver
 18448 | Gauntlet | Found a transporter.
 18451 | Gauntlet | Found a transporter.
 18457 | Gauntlet | Found a transporter.
 18467 | Gauntlet | Found a transporter.
 18563 | Gauntlet | Found a transporter.
 18576 | Gauntlet | Noticed an entropy weaver
 18577 | Gauntlet | Found a transporter.
 18890 | Gauntlet | Got a jewelled helmet
 18979 | Gauntlet | Gained mutation: Your spells are a little easier to cast,
                  | but a little less powerful. [a cacodemon]
 18981 | Gauntlet | Killed a cacodemon
 19039 | Gauntlet | Got a shimmering cloak
 19097 | Gauntlet | Identified the cursed +0 cloak "Etecuis" {rC+ MR+} (You
                  | found it in a Gauntlet)
 19150 | Gauntlet | Killed a dire elephant
 19319 | Gauntlet | Noticed a minotaur
 19337 | Gauntlet | Killed a minotaur
 19337 | Gauntlet | Reached XP level 15. HP: 76/110 MP: 17/30
 19813 | Lair:5   | Lost mutation: You are covered in fur. (AC +1) [potion of
                  | mutation]
 19813 | Lair:5   | Lost mutation: Your spells are a little easier to cast, but
                  | a little less powerful. [potion of mutation]
 19813 | Lair:5   | Gained mutation: You are robust. (+10% HP) [potion of
                  | mutation]
 19813 | Lair:5   | Gained mutation: You are agile. (Dex +2) [potion of
                  | mutation]
 19813 | Lair:5   | Gained mutation: You possess an exceptional clarity of
                  | mind. [potion of mutation]
 19919 | Lair:5   | Found a staircase to the Slime Pits.
 20667 | Lair:6   | Entered Level 6 of the Lair of Beasts
 20719 | Lair:6   | Noticed Sonja
 20727 | Lair:6   | Killed Sonja
 20761 | Lair:6   | Reached skill level 12 in Spellcasting
 20907 | Lair:6   | Noticed a green very ugly thing
 20909 | Lair:6   | Found a transporter.
 20914 | Lair:6   | Found a transporter.
 20914 | Lair:6   | Found a one-way gate to the infinite horrors of the Abyss.
 20914 | Lair:6   | Identified the +10 trident of Puaxiufoa {distort, Int+3}
 20914 | Lair:6   | Noticed vurker's ghost (journeyman HuFi)
 20952 | Lair:6   | Reached skill level 5 in Hexes
 21351 | Lair:6   | Found a basalt altar of Yredelemnul.
 22273 | Orc:1    | Entered Level 1 of the Orcish Mines
 22273 | Orc:1    | Noticed Fannar
 22341 | D:10     | Reached skill level 1 in Long Blades
 22424 | Orc:1    | Noticed an orc warlord
 22479 | D:10     | Killed Fannar
 22526 | D:10     | Killed an orc warlord
 22575 | D:10     | Reached XP level 16. HP: 127/129 MP: 32/32
 23059 | Orc:2    | Entered Level 2 of the Orcish Mines
 23059 | Orc:2    | Found Ubet's Antique Armour Boutique.
 23126 | Orc:2    | Bought the +3 pair of gauntlets of War {Slay+5} for 1235
                  | gold pieces
 23126 | Orc:2    | Found the +3 pair of gauntlets of War {Slay+5}
 23148 | Orc:2    | Found Guwnedgh's Antique Armour Shop.
 23250 | Orc:2    | Found Wetuaf's General Store.
 24083 | Orc:2    | Found Qaxois's Antique Weapon Boutique.
 24226 | Orc:2    | Found Zuzets's Book Shop.
 24228 | Orc:2    | Found a staircase to the Elven Halls.
 24272 | Orc:2    | Found a runed translucent door.
 24300 | Orc:2    | Found the +10 tower shield of Ignorance {rN+ Int-4}
 24516 | Orc:2    | Found a runed translucent door.
 24867 | Orc:2    | Bought a sheer robe for 136 gold pieces
 24867 | Orc:2    | Bought a shiny troll leather armour for 432 gold pieces
 24899 | Orc:2    | Identified the +3 robe of Mysticism {rF+} (You bought it in
                  | a shop on level 2 of the Orcish Mines)
 24927 | Orc:2    | Bought a glowing quick blade for 558 gold pieces
 24964 | Orc:2    | Bought a scroll of holy word for 90 gold pieces
 25773 | D:14     | Learned a level 2 spell: Poisonous Vapours
 25779 | D:14     | Learned a level 5 spell: Silence
 25882 | D:14     | Reached skill level 5 in Long Blades
 25885 | D:14     | Noticed Kirke
 25901 | D:14     | Killed Kirke
 26191 | D:14     | Found Ceiz's Armour Emporium.
 26571 | D:14     | Found a gate to the Vaults.
 26571 | D:14     | Noticed Jorgrun
 26579 | D:14     | Killed Jorgrun
 26579 | D:14     | Reached skill level 5 in Armour
 26650 | D:15     | Entered Level 15 of the Dungeon
 27152 | D:15     | Reached XP level 17. HP: 124/136 MP: 27/33
 27259 | D:15     | Found a staircase to the Depths.
 28184 | Spider:1 | Entered Level 1 of the Spider Nest
 28246 | Spider:1 | Reached skill level 10 in Stealth
 28835 | Spider:1 | Reached skill level 13 in Spellcasting
 30616 | Spider:2 | Reached XP level 18. HP: 137/145 MP: 29/35
 30694 | Spider:3 | Reached skill level 10 in Ice Magic
 31255 | Spider:3 | Got a heavily jewelled robe
 31266 | Spider:3 | Identified the cursed +0 robe of the Serpent {MP-9 Int+6
                  | Slay+3} (You found it on level 3 of the Spider Nest)
 31425 | Spider:3 | Reached skill level 10 in Hexes
 31540 | Spider:4 | Entered Level 4 of the Spider Nest
 31725 | Spider:4 | Reached skill level 5 in Air Magic
 32911 | Spider:4 | Reached skill level 10 in Long Blades
 33445 | Spider:4 | Reached skill level 14 in Spellcasting
 33611 | Spider:4 | Got a gossamer rune of Zot
 33881 | Swamp:1  | Entered Level 1 of the Swamp
 33940 | Swamp:1  | Reached XP level 19. HP: 154/154 MP: 37/37
 34004 | Lair:4   | Learned a level 4 spell: Airstrike
 34048 | Swamp:1  | Reached skill level 1 in Evocations
 35984 | Swamp:3  | Reached skill level 10 in Fighting
 36541 | Swamp:4  | Entered Level 4 of the Swamp
 37962 | Swamp:4  | Got a decaying rune of Zot
 38305 | Vaults:1 | Entered Level 1 of the Vaults
 38685 | Vaults:1 | Found Omiol's Book Emporium.
 38695 | Vaults:1 | Bought a book of Battle for 560 gold pieces
 38698 | Vaults:1 | Learned a level 2 spell: Song of Slaying
 38701 | Vaults:1 | Learned a level 2 spell: Shroud of Golubria
 38754 | Vaults:1 | Reached XP level 20. HP: 139/162 MP: 30/38
 39316 | Vaults:1 | Found a portal to a secret trove of treasure.
 40001 | Vaults:2 | Got a fading long sword
 40021 | Vaults:2 | Identified the cursed +1 long sword of Fury {venom, rN+}
                  | (You found it on level 2 of the Vaults)
 40084 | Vaults:2 | Found a staircase to the Crypt.
 41272 | Vaults:2 | Reached skill level 1 in Shields
 41499 | Vaults:3 | Reached skill level 15 in Spellcasting
 41855 | Vaults:2 | Reached XP level 21. HP: 161/171 MP: 37/40
 41874 | Vaults:2 | Learned a level 4 spell: Olgreb's Toxic Radiance
 43893 | Vaults:3 | Killed from afar by a crystal guardian

Illustrated notes

Levels and vault maps discovered:
D:1:      saegor_arrival_miasma, layout_loops_cross, minmay_ruptured
D:2:      layout_loops_ring
D:3:      layout_loops_corners, chequers_ecumenical_altar_simple,
          gammafunk_ghost_smash, grunt_ministairs_5
D:4:      layout_layer_cave, overflow_temple_1_default, old_standard_altar,
          first_ration, minmay_fractal_squares_diagonal_5
D:5:      layout_basic, lemuel_round_altar, uniq_sigmund
D:6:      layout_basic, minmay_temple_entry_tees, serial_curves, eino_curves_04,
          eino_curves_01, trog_three_pillars_becter
D:7:      layout_layer_cave, tso_metal_star, overflow_temple_1_default,
          uniq_prince_ribbit1, uniq_joseph, uniq_maggie, uniq_menkaure
D:8:      minmay_chambers_of_sixes, layout_rooms, kennysheep_little_box,
          lemuel_crystal_altar, minmay_lair_entry_grove, serial_shops,
          nicolae_shop_stone
D:9:      layout_basic, riverfiend_overflow_shadow_ancestor,
          evilmike_ruin_ashenzari, old_standard_altar, nicolae_ru_path_of_blood,
          hangedman_fish_farm
D:10:     cheibrodos_fzero, layout_irregular_city, david_orc_2, serial_shops,
          nicolae_shop_statue_plus, uniq_erolcha
D:11:     layout_basic, wad_mini_maze, uniq_gastronok
D:12:     layout_roguey, basic_altar, uniq_josephine, uniq_maurice, uniq_rupert
D:13:     layout_gridville, enter_bailey_2, kennysheep_small_spiral
D:14:     layout_loops_ring, david_vaults_1, minmay_misc_feat_tiny,
          serial_shops, nicolae_shop_crystal, minmay_increasing_density,
          uniq_kirke, uniq_jorgrun
D:15:     gammafunk_enter_depths_forms, layout_basic,
          chequers_serial_rivers_micro_b
Temple:   compressed_dpeg_circular_temple
Lair:1:   layout_big_grid, chequers_serial_rivers_micro_c, patterned_corridor
Lair:2:   layout_gridlike, grunt_megastairs_2, uniq_erica
Lair:3:   layout_regular_city, nicolae_spider_entry_non_spiders,
          lemuel_oklob_altar, infiniplex_staircase_pool_2, lemuel_fruit_tree,
          grunt_megastairs_3
Lair:4:   layout_cave_pods, palyth_hydra_swamp_entry
Lair:5:   layout_cave_pods, slime_dummy, gauntlet_entry_generic,
          eino_small_chamber_without_monster, grunt_megastairs_1
Lair:6:   gammafunk_lair_ancient_temple, layout_loops_ring,
          gammafunk_ghost_abyssal_escape, basic_altar, serial_bayou_crossing,
          uniq_sonja
Swamp:1:  layout_falls_marsh, evilmike_swamp_ruin_house_2
Swamp:2:  layout_basic_swamp, evilmike_swamp_ruin_house_6
Swamp:3:  layout_basic_swamp, infiniplex_staircase_pool
Swamp:4:  swamp_fiery, layout_basic_swamp
Spider:1: layout_spider_delve
Spider:2: layout_spider_delve, hangedman_spider_mandibles, drop_trap
Spider:3: layout_spider_delve, spiders_nest_the_unseen
Spider:4: spider_rune_water
Orc:1:    layout_caves, uniq_fannar
Orc:2:    grunt_orc_gardens, layout_caves, grunt_orc_garden, grunt_orc_garden,
          grunt_orc_garden, grunt_orc_garden, serial_shops, shop,
          chequers_guarded_unrand_ignorance
Vaults:1: v_misc_2, v_misc_33, v_misc_33, hangedman_vaults_pinch, v_misc_12,
          nicolae_vaults_alarming, layout_vaults_omnigrid, serial_shops, shop,
          enter_trove_2
Vaults:2: v_alt_pattern_5, minmay_crypt_entry_simple_walls, grunt_vaults_funnel,
          vaults_dpeg_hooks, ontoclasm_vaults_fault, hangedman_vaults_corner,
          vaults_dpeg_ring, vaults_room_pool, ontoclasm_vaults_bender,
          nicolae_vaults_little_squares_6, vaults_mumra_hexcomb,
          nicolae_vaults_rhombus_7, v_misc_12, nicolae_vaults_hallways_thing,
          hangedman_vaults_cutoff, layout_vaults_maze
Vaults:3: grunt_vaults_trifunnel, vaults_room_pools, vaults_mumra_lcd,
          vaults_dpeg_encased_lava, v_pattern_1, st_eye,
          grunt_vaults_hallway_long, v_misc_14, v_misc_28,
          hangedman_vaults_cutoff, ontoclasm_vaults_gateway, v_misc_16,
          layout_vaults_ring
Vaults:4: nicolae_vaults_ninety_degrees, nicolae_vaults_c_with_doors,
          vaults_room_semicircle, v_misc_4, v_misc_26, ontoclasm_vaults_chip,
          v_misc_9, vaults_room_large_hall, nicolae_vaults_disjoint_gnomons,
          nicolae_vaults_shelves_hall, grunt_vaults_focal, layout_vaults_omnibox

Skill      XL: |  1  2  3  4  5  6  7  8  9 10 11 12 13 14 15 16 17 18 19 20 21 |
---------------+----------------------------------------------------------------+-----
Fighting       | 1 2 3 4 6 7 8 9 10 11 | 11.1
Dodging        | 2 3 4 5 6 7 |  7.9
Spellcasting   | 3 4 5 6 8 9 10 11 12 13 14 15 | 15.4
Short Blades   | 1 2 3 4 5 6 |  6.2
Stealth        | 3 4 5 6 7 8 9 10 11 | 11.8
Charms         | 2 3 4 5 6 7 |  7.6
Ice Magic      | 5 6 7 8 9 10 | 10.7
Maces & Flails | 4 5 6 |  6.9
Fire Magic     | 2 3 5 6 |  6.5
Conjurations   | 1 3 4 5 6 7 |  7.9
Throwing       | 1 2 3 |  3.9
Polearms       | 2 |  2.1
Poison Magic   | 2 4 6 7 |  7.9
Armour         | 1 2 3 5 7 |  7.4
Transmutations | 1 3 5 6 7 |  7.8
Translocations | 2 3 |  3.2
Hexes          | 3 5 7 9 10 11 12 | 12.8
Air Magic      | 2 4 5 6 7 8 |  8.0
Long Blades    | 2 6 9 10 11 13 | 13.4
Evocations     | 1 |  1.0
Shields        | 2 4 |  4.0

Action                   |  1- 3 |  4- 6 |  7- 9 | 10-12 | 13-15 | 16-18 | 19-21 || total
-------------------------+-------+-------+-------+-------+-------+-------+-------++-------
Melee: Dagger            |    12 |       |       |       |       |       |       ||    12
       Short sword       |    27 |    53 |    40 |       |       |       |       ||   120
       Flail             |       |       |   103 |   176 |   127 |       |       ||   406
       Spear             |       |       |     4 |       |       |       |       ||     4
       Halberd           |       |       |       |   159 |     5 |       |     7 ||   171
       Quick blade       |       |       |       |   279 |   973 |    71 |    93 ||  1416
       Great sword       |       |       |       |       |     1 |       |       ||     1
       Scimitar          |       |       |       |       |    20 |     4 |    77 ||   101
       Demon blade       |       |       |       |       |    60 |   732 |   782 ||  1574
       Falchion          |       |       |       |       |       |     8 |       ||     8
       Long sword        |       |       |       |       |       |       |    20 ||    20
Throw: Dart              |     1 |       |     4 |    26 |    64 |   129 |    24 ||   248
       Boomerang         |       |       |       |       |    23 |     3 |    17 ||    43
 Cast: Freeze            |    17 |       |       |       |       |       |       ||    17
       Frozen Ramparts   |     7 |     8 |    22 |    46 |    87 |    54 |    44 ||   268
       Ozocubu's Armour  |       |     1 |     3 |    40 |    77 |    69 |    62 ||   252
       Mephitic Cloud    |       |       |       |       |    27 |    43 |    13 ||    83
       Ignite Poison     |       |       |       |       |    13 |    24 |     8 ||    45
       Apportation       |       |       |       |       |     5 |    27 |     6 ||    38
       Conjure Flame     |       |       |       |       |     3 |       |     1 ||     4
       Alistair's Intoxi |       |       |       |       |     1 |       |       ||     1
       Irradiate         |       |       |       |       |     5 |    18 |     5 ||    28
       Poisonous Vapours |       |       |       |       |       |    66 |     1 ||    67
       Song of Slaying   |       |       |       |       |       |       |    18 ||    18
       Shroud of Golubri |       |       |       |       |       |       |     8 ||     8
Invok: Shadow Step       |       |       |       |       |       |     1 |       ||     1
 Abil: Shaft Self        |       |       |       |     1 |       |       |       ||     1
       Dig               |       |       |       |       |     1 |       |       ||     1
Evoke: Wand              |       |       |       |       |       |     3 |       ||     3
       Lightning rod     |       |       |       |       |       |     1 |       ||     1
  Use: Scroll            |       |     3 |       |    12 |    17 |    14 |     3 ||    49
       Potion            |       |     2 |     2 |     1 |     4 |     4 |     6 ||    19
 Stab: Sleeping          |     7 |     1 |    19 |    30 |    64 |    39 |    75 ||   235
       Distracted        |       |       |     1 |       |     2 |     7 |     2 ||    12
       Confused          |       |       |       |       |     8 |     8 |     6 ||    22
  Eat: Ration            |     1 |       |     4 |     4 |    10 |    10 |     8 ||    37
Armor: Robe              |    10 |    20 |    16 |    29 |       |       |       ||    75
       Troll leather arm |       |       |       |    56 |   228 |   432 |   311 ||  1027
Dodge: Dodged            |    42 |    33 |   104 |   408 |   919 |  1403 |   982 ||  3891
       Rpst.: Great sword |       |       |       |       |     2 |       |       ||     2
       Scimitar          |       |       |       |       |     2 |     2 |    16 ||    20
       Demon blade       |       |       |       |       |    35 |   251 |   166 ||   452
       Falchion          |       |       |       |       |       |     3 |       ||     3
       Long sword        |       |       |       |       |       |       |     4 ||     4

Table legend:
 A = Non-vault XP
 B = Vault XP
 C = Vault XP percentage of total XP
 D = Non-vault monster count
 E = Vault monster count
 F = Vault count percentage of total count
                 A         B        C        D         E       F
            +---------+---------+-------+---------+---------+-------
      Total |  297354 |  162211 |  35.3 |    1042 |     355 |  25.4
            +---------+---------+-------+---------+---------+-------
        D:1 |      35 |       3 |   7.9 |      21 |       2 |   8.7
        D:2 |      96 |       0 |   0.0 |      20 |       0 |   0.0
        D:3 |     103 |     589 |  85.1 |      18 |       7 |  28.0
        D:4 |     280 |     221 |  44.1 |       9 |       6 |  40.0
        D:5 |     254 |     227 |  47.2 |       5 |       1 |  16.7
        D:6 |     937 |       0 |   0.0 |      17 |       0 |   0.0
        D:7 |     394 |    1366 |  77.6 |      17 |       5 |  22.7
        D:8 |    2427 |    3076 |  55.9 |      24 |      15 |  38.5
        D:9 |    1401 |     317 |  18.5 |      28 |       1 |   3.4
       D:10 |    6821 |    5904 |  46.4 |      47 |      20 |  29.9
       D:11 |    5487 |    3454 |  38.6 |      33 |       3 |   8.3
       D:12 |    3620 |    5272 |  59.3 |      20 |       8 |  28.6
       D:13 |    7540 |       0 |   0.0 |      36 |       0 |   0.0
       D:14 |    6607 |    9512 |  59.0 |      20 |      14 |  41.2
       D:15 |   13570 |    2965 |  17.9 |      30 |      13 |  30.2
     Lair:1 |    3387 |       0 |   0.0 |      11 |       0 |   0.0
     Lair:2 |    2533 |    1311 |  34.1 |      15 |       2 |  11.8
     Lair:3 |    7360 |    1239 |  14.4 |      31 |      11 |  26.2
     Lair:4 |    5954 |    2892 |  32.7 |      23 |       6 |  20.7
     Lair:5 |    9556 |    1161 |  10.8 |      32 |       4 |  11.1
     Lair:6 |    9646 |    9665 |  50.0 |      28 |      26 |  48.1
    Swamp:1 |   19246 |       0 |   0.0 |      52 |       0 |   0.0
    Swamp:2 |   11188 |       0 |   0.0 |      28 |       0 |   0.0
    Swamp:3 |   10273 |    6399 |  38.4 |      28 |       7 |  20.0
    Swamp:4 |    5271 |    7951 |  60.1 |      22 |      19 |  46.3
   Spider:1 |   14478 |       0 |   0.0 |      42 |       0 |   0.0
   Spider:2 |   29443 |       0 |   0.0 |      71 |       0 |   0.0
   Spider:3 |   23540 |    1590 |   6.3 |      64 |       1 |   1.5
   Spider:4 |   15148 |   19427 |  56.2 |      49 |      41 |  45.6
      Orc:1 |    3052 |    2270 |  42.7 |      49 |       2 |   3.9
      Orc:2 |    3369 |    6034 |  64.2 |      30 |      10 |  25.0
   Vaults:1 |   27965 |    6997 |  20.0 |      37 |      15 |  28.8
   Vaults:2 |   16310 |   27830 |  63.0 |      31 |      41 |  56.9
   Vaults:3 |   24974 |   20446 |  45.0 |      45 |      36 |  44.4
   Vaults:4 |    5089 |    4512 |  47.0 |       9 |       8 |  47.1
     Bailey |       0 |    3648 | 100.0 |       0 |      18 | 100.0
   Gauntlet |       0 |    5933 | 100.0 |       0 |      13 | 100.0
            +---------+---------+-------+---------+---------+-------
